 Dungeon Crawl Stone Soup version 0.30-a0-739-gea05faddec (webtiles) character file.

Game seed: 14186499531628646831

73 Leeroy the Slasher (level 4, 0/23 HPs)
             Began as a Vine Stalker Warper on Feb 4, 2023.
             Killed from afar by Natasha (3 damage)
             ... with a magic dart
             ... on level 2 of the Dungeon.
             The game lasted 00:01:52 (1332 turns).

Leeroy the Slasher (Vine Stalker Warper)            Turns: 1332, Time: 00:01:53

Health: 0/23       AC:  3    Str: 14    XL:     4   Next: 27%
Magic:  0/8        EV: 11    Int: 13    God:
Gold:   122        SH:  0    Dex: 15    Spells: 7/7 levels left

rFire   . . .      SeeInvis .    a - +0 falchion
rCold   . . .      Faith    +    (no shield)
rNeg    + . .      Spirit   +    b - +0 leather armour
rPois   .          Reflect  .    (no helmet)
rElec   .          Harm     .    (no cloak)
rCorr   .          Rampage  .    (no gloves)
Will    .....                    (no boots)
Stlth   +                        i - amulet of faith
HPRegen 1.03/turn                h - ring of positive energy
MPRegen 0.11/turn                (no ring)

@: flying, slowed, very slow
A: fangs 2, regeneration 1, magic shield, antimagic bite, no potion heal 2
a: no special abilities


You were on level 2 of the Dungeon.
You visited 1 branch of the dungeon, and saw 2 of its levels.

You collected 122 gold pieces.

Inventory:

Hand Weapons
 a - a +0 falchion (weapon)
Missiles
 d - 7 boomerangs of dispersal (quivered)
Armour
 b - a +0 leather armour (worn)
Jewellery
 h - a ring of positive energy (left hand)
 i - an amulet of faith (around neck)
Scrolls
 g - a scroll of identify {unknown}
 j - a scroll of vulnerability {unknown}
 k - a scroll of immolation {unknown}
 l - a scroll of enchant armour {unknown}
Potions
 f - a potion of curing {unknown}
 m - a potion of attraction {unknown}


   Skills:
 - Level 1.7 Fighting
 + Level 4.0 Long Blades
 - Level 0.8 Throwing
 - Level 0.7 Armour
 - Level 1.5 Dodging
 - Level 2.1 Spellcasting
 - Level 3.0 Translocations


You had 7 spell levels left.
You didn't know any spells.
Your spell library contained the following spells:

 Spells                   Type           Power      Damage    Failure   Level
 Blink                    Tloc           18%        N/A       14%         2
 Lesser Beckoning         Tloc           18%        N/A       14%         2
 Teleport Other           Tloc           9%         N/A       28%         3
 Vhi's Electric Charge    Tloc/Air       10%        N/A       45%         3
 Manifold Assault         Tloc           9%         N/A       67%         4


Dungeon Overview and Level Annotations

Branches:
Dungeon (2/15)

Altars:
Fedhas

Annotations:
D:2 Natasha, Robin


Innate Abilities, Weirdness & Mutations

You have extremely sharp teeth.
Your natural rate of healing is unusually fast.
When hurt, damage is shared between your health and your magic reserves.
Your bite disrupts and absorbs the magic of your enemies.
Potions cannot restore your health.


Message History

Robin roars a battlecry!
The goblin goes into a battle-frenzy!
Natasha claws you.
You hit Natasha.
Natasha is heavily wounded.
Natasha claws you. x2
You closely miss Natasha. Your bite misses Natasha.
Natasha is moderately wounded.
The goblin hits you with a +0 vampiric dagger.
Natasha mumbles some strange words.
Robin's horned helmet rattles.
The goblin hits you with a +0 vampiric dagger.
You are too injured to fight recklessly!
You hit Natasha. You bite Natasha.
Natasha's magic leaks into the air.
You drain her magic.
You feel invigorated.
Natasha is heavily wounded.
Natasha claws you. The goblin closely misses you.
The crimson imp shouts, "Turn tail, thou yeasty moldwarp snaffler!"
Natasha claws you!
* * * LOW HITPOINT WARNING * * *
The goblin hits you but does no damage.
Okay, then.
It was a potion of flight.
You feel very buoyant.
You fly up into the air.
Natasha closely misses you. Robin hits you with a +0 club.
* * * LOW HITPOINT WARNING * * *
The goblin hits you with a +0 vampiric dagger.
* * * LOW HITPOINT WARNING * * *
The crimson imp barely misses you.
Natasha mumbles some strange words.
Natasha glows brightly for a moment.
Natasha claws you but does no damage.
You hit Natasha. Your bite misses Natasha.
Natasha is severely wounded.
Robin hits you but does no damage. The goblin barely misses you.
The crimson imp hits you. Natasha casts a spell at you.
The magic dart hits you.
You die...

#. #...# # .#..
#. ...## #. #...
##.##..#
###......# .#. #.
.g
........g.###...#
#...g
..###...h@.......
#.#.#
........5g......#
#S#g#
.##..........###
#g#g# #
#.#.........#
#.#g#
#.##.#.........#
#.#.##
#..>...........#
#....#
####.##......$##
###h.#
###.####.##.##
#g.# #...# .# .#


You could see Robin, Natasha (magic disrupted), a crimson imp (summoned) and a
goblin (strong).

Vanquished Creatures
  A gnoll (D:1)
  An adder (D:2)
  A worm (D:1)
  2 dart slugs (D:1)
  3 endoplasms
  9 goblins
  7 hobgoblins
  4 jackals (D:1)
  2 quokkas
  4 ball pythons
  3 bats (D:1)
  A kobold (D:1)
  3 rats
41 creatures vanquished.

Notes
Turn   | Place    | Note
-------+----------+-------------------------------------------
     0 | D:1      | Leeroy the Vine Stalker Warper began the quest for the Orb.
     0 | D:1      | Reached XP level 1. HP: 11/11 MP: 4/4
    30 | D:1      | Reached skill level 2 in Long Blades
    96 | D:1      | Reached XP level 2. HP: 15/15 MP: 6/6
   211 | D:1      | Reached skill level 3 in Long Blades
   376 | D:1      | Reached XP level 3. HP: 14/18 MP: 5/7
  1033 | D:2      | Gained mutation: Your natural rate of healing is unusually
                  | fast. [Vine Stalker growth]
  1033 | D:2      | Reached XP level 4. HP: 20/23 MP: 6/8
  1159 | D:2      | Found a blossoming altar of Fedhas.
  1214 | D:2      | Noticed Natasha
  1215 | D:2      | Noticed Robin
  1311 | D:1      | Reached skill level 4 in Long Blades
  1331 | D:2      | HP: 1/23 [goblin/+0 vampiric dagger[Robin] (2)]
  1332 | D:2      | Killed from afar by Natasha

Illustrated notes

Levels and vault maps discovered:
D:1:      arrival_zaba_pyramid, layout_basic
D:2:      layout_loops_ring, basic_altar, uniq_robin, uniq_natasha

Skill      XL: |  1  2  3  4 |
---------------+-------------+-----
Long Blades    | 2 3 4 |  4.0
Fighting       | |  1.7
Throwing       | |  0.8
Armour         | |  0.7
Dodging        | |  1.5
Spellcasting   | |  2.1
Translocations | |  3.0

Action                     |  1- 3 |  4- 6 || total
---------------------------+-------+-------++-------
  Melee: Falchion          |    74 |    40 ||   114
         Bite              |    12 |     8 ||    20
         Punch             |     1 |     1 ||     2
    Use: Scroll            |       |     1 ||     1
         Potion            |       |     1 ||     1
   Stab: Sleeping          |     1 |       ||     1
 Armour: Leather armour    |    26 |    15 ||    41
  Dodge: Dodged            |    50 |    32 ||    82

Table legend: (Time is in decaauts)
 A = Elapsed time spent in this place.
 B = Non-inter-level travel time spent in this place.
 C = Inter-level travel time spent in this place.
 D = Time resting spent in this place.
 E = Time spent auto-exploring this place.
 F = Levels seen in this place.
 G = Mean time per level.
                   A        B        C        D        E       F      G
               +--------+--------+--------+--------+--------+-----+--------+
         Total |   1354 |   1354 |      0 |     28 |   1027 |   2 |  677.0 |
       Dungeon |   1354 |   1354 |      0 |     28 |   1027 |   2 |  677.0 |
               +--------+--------+--------+--------+--------+-----+--------+

Top non-repeatable levels by time:
     D:1: 987 daAuts
     D:2: 366 daAuts
